 Dungeon Crawl Stone Soup version 0.29.0-4-gdea44cf6ec (webtiles) character file.

Game seed: 15529967042137611306

21 qw the Chopper (level 2, 0/17 HPs)
             Began as a Tengu Warper on Aug 28, 2022.
             Succumbed to an adder's poison
             ... on level 2 of the Dungeon.
             The game lasted 00:00:05 (1313 turns).

qw the Chopper (Tengu Warper)                       Turns: 1313, Time: 00:00:06

Health: 0/17       AC:  5    Str: 11    XL:     2   Next: 83%
Magic:  6/6        EV: 10    Int: 13    God:
Gold:   77         SH:  0    Dex: 13    Spells: 5/5 levels left

rFire   . . .      SeeInvis .   Y - +2 hand axe (freeze)
rCold   . . .      Faith    .   (no shield)
rNeg    . . .      Spirit   .   e - +0 ring mail
rPois   .          Reflect  .   (helmet restricted)
rElec   .          Harm     .   (no cloak)
rCorr   .          Rampage  .   (no gloves)
Will    .....                   (boots unavailable)
Stlth   +.........              (no amulet)
HPRegen 0.05/turn               (no ring)
MPRegen 0.10/turn               (no ring)

@: lethally poisoned (0 -> -7)
A: beak, talons 3
a: no special abilities


You were on level 2 of the Dungeon.
You visited 1 branch of the dungeon, and saw 2 of its levels.

You collected 77 gold pieces.


Innate Abilities, Weirdness & Mutations

You have a beak for a mouth.
You have claws for feet.


   Skills:
 - Level 2.0 Fighting
 + Level 3.6 Axes
 - Level 1.0 Throwing
 - Level 1.1 Armour
 - Level 2.1 Dodging
 - Level 2.0 Spellcasting
 - Level 2.4 Translocations


You had 5 spell levels left.
You didn't know any spells.
Your spell library contained the following spells:

 Spells                   Type           Power      Damage    Failure   Level
 Blink                    Tloc           14%        N/A       34%         2
 Gell's Gravitas          Tloc           7%         N/A       56%         3
 Lesser Beckoning         Tloc           7%         N/A       56%         3
 Teleport Other           Tloc           7%         N/A       56%         3
 Manifold Assault         Tloc           7%         N/A       99%         5

Inventory:

Hand Weapons
 Y - a +2 hand axe of freezing (weapon)
Armour
 e - a +0 ring mail (worn)
Potions
 a - a potion of curing {unknown}

Dungeon Overview and Level Annotations

Branches:
Dungeon (2/15)

Altars:

Annotations:
D:2 Jessica


Message History

You barely miss the adder. You peck the adder.
The adder is moderately wounded.
The adder bites you.
You hit the adder.
The adder seems to slow down.
You freeze the adder.
The adder is heavily wounded.
The adder closely misses you.
You hit the adder but do no damage.
The adder is heavily wounded.
The adder is no longer moving slowly.
The adder barely misses you.
You closely miss the adder.
The adder is heavily wounded.
The adder barely misses you. The adder misses you.
You completely miss the adder. Your kick misses the adder.
You peck the adder, but do no damage.
The adder is heavily wounded.
The adder bites you.
You are poisoned.
The adder poisons you!
You closely miss the adder. Your kick misses the adder.
Your peck misses the adder.
The adder is heavily wounded.
You feel sick. The adder barely misses you. x2
You barely miss the adder.
The adder is heavily wounded.
You feel sick. The adder barely misses you.
You miss the adder. Your kick misses the adder.
The adder is heavily wounded.
You feel sick. The adder bites you. x2
You are lethally poisoned!
The adder poisons you!
You closely miss the adder. Your kick misses the adder.
Your peck misses the adder.
The adder is heavily wounded.
You feel sick.
A ball python comes into view.
The adder misses you.
The ball python hisses angrily.
You hit the adder but do no damage. You peck the adder.
The adder is heavily wounded.
You die...

#.#....#
#.#.#### #.#.#
#.#.# #.#.#
#...# #...#
###.#..# #
#@..##.#
.####.##S#.##.#
.@.!S..S@#....#
##.#.##########


You could see an adder, Jessica and a ball python.

Vanquished Creatures
  A dart slug (D:1)
  A bat (D:2)
  An endoplasm (D:1)
  5 giant cockroaches
  A hobgoblin (D:1)
  4 ball pythons (D:1)
  3 frilled lizards (D:1)
  2 rats
18 creatures vanquished.

Notes
Turn   | Place    | Note
-------+----------+-------------------------------------------
     0 | D:1      | qw the Tengu Warper began the quest for the Orb.
     0 | D:1      | Reached XP level 1. HP: 12/12 MP: 4/4
     0 | D:1      | 0 ||| qw: Version: 0.1-a-89-g26bdef1
     0 | D:1      | 0 ||| qw: Game counter: 2224
     0 | D:1      | 0 ||| qw: Always use a shield: true
     0 | D:1      | 0 ||| qw: God list: Okawaru
     0 | D:1      | 0 ||| qw: Allow faded altars: false
     0 | D:1      | 0 ||| qw: Do Orc after D:15 true
     0 | D:1      | 0 ||| qw: Do second Lair branch before Depths: true
     0 | D:1      | 0 ||| qw: Lair rune preference: random
     0 | D:1      | 0 ||| qw: Plans: Normal
     0 | D:1      | 0 ||| PLANNING D:1-11
    92 | D:1      | Found a faded altar of an unknown god.
   240 | D:1      | Reached skill level 3 in Axes
   240 | D:1      | Reached XP level 2. HP: 13/17 MP: 6/6
   439 | D:1      | 439 ||| SWAPPING to +1 hand axe of freezing.
   440 | D:1      | 440 ||| DROPPING +0 hand axe.
  1080 | D:1      | 1080 ||| UPGRADING to +0 ring mail.
  1090 | D:1      | 1090 ||| DROPPING +0 leather armour.
  1091 | D:1      | 1091 ||| READING scroll labelled VUTSOA JEETZUZEILU.
  1092 | D:1      | 1092 ||| READING scroll labelled INOINTIENI.
  1093 | D:1      | 1093 ||| READING scroll labelled ZURGHABB XUICH.
  1094 | D:1      | 1094 ||| DRINKING 2 purple potions.
  1095 | D:1      | 1095 ||| DROPPING scroll of blinking.
  1096 | D:1      | 1096 ||| DROPPING potion of brilliance.
  1130 | D:2      | 1130 ||| STAIRDANCE
  1137 | D:2      | 1137 ||| STAIRDANCE
  1298 | D:2      | Noticed Jessica
  1299 | D:2      | 1299 ||| Stepping ~*~*~tactically~*~*~ (hiding).
  1300 | D:2      | 1300 ||| Stepping ~*~*~tactically~*~*~ (hiding).
  1311 | D:2      | HP: 4/17 [adder (1)]
  1313 | D:2      | Succumbed to an adder's poison

Levels and vault maps discovered:
D:1:      giann_forest_graveyard, layout_basic,
          nicolae_ecumenical_snake_handling, minmay_misc_feat_rugged
D:2:      layout_basic, dk_vineyard_3, uniq_terence, uniq_jessica

Skill      XL: |  1 |
---------------+----+-----
Axes           | 3 |  3.6
Fighting       | |  2.0
Throwing       | |  1.0
Armour         | |  1.1
Dodging        | |  2.1
Spellcasting   | |  2.0
Translocations | |  2.4

Action                   || total
-------------------------++-------
Melee: Hand axe          ||    40
       Peck              ||     9
       Kick              ||     5
Throw: Boomerang         ||     7
  Use: Scroll            ||     3
       Potion            ||     1
Armor: Leather armour    ||     2
       Ring mail         ||     4
Dodge: Dodged            ||    23

Table legend:
 A = Non-vault XP
 B = Vault XP
 C = Vault XP percentage of total XP
 D = Non-vault monster count
 E = Vault monster count
 F = Vault count percentage of total count
                 A         B        C        D         E       F
            +---------+---------+-------+---------+---------+-------
      Total |      25 |       5 |  16.7 |      14 |       4 |  22.2
            +---------+---------+-------+---------+---------+-------
        D:1 |      20 |       5 |  20.0 |      11 |       4 |  26.7
        D:2 |       5 |       0 |   0.0 |       3 |       0 |   0.0
            +---------+---------+-------+---------+---------+-------
